 Dungeon Crawl Stone Soup version 0.21.1-1-g345015f (webtiles) character file.

1788395 Mgcat the Impregnable (level 25, 233/250 HPs)
             Began as a Minotaur Monk on Feb 17, 2018.
             Was the Champion of Ru.
             Escaped with the Orb
             ... and 3 runes on Feb 19, 2018!
             The game lasted 03:44:13 (63766 turns).

Mgcat the Impregnable (Minotaur Monk)              Turns: 63766, Time: 03:44:14

Health: 233/250    AC: 41    Str: 25    XL:     25
Magic:  35/35      EV: 25    Int: 23    God:    Ru [******]
Gold:   6830       SH: 16    Dex: 25    Spells: 39/43 levels left

rFire    + + .     SeeInvis +   D - +10 mace of Death's Door {flame, rPois Int+5 Dex+3}
rCold    + . .     Gourm    .   i - +1 shield {rN+}
rNeg     + . .     Faith    .   U - +13 plate armour "Simag" {Str+2 Int+9}
rPois    +         Spirit   .   S - +0 hat
rElec    +         Reflect  .   p - scarf {rC+ rF+}
rCorr    .         Harm     .   y - +2 pair of gloves {archery}
MR       ++++.                  T - +1 pair of boots "Oschyosaa" {*Contam +Inv Int-2 SInv}
Stlth    ..........             d - amulet "Vuxiub" {MR++ Regen+ Dex+4 Slay+3 Stlth-}
HPRegen  0.91/turn              E - ring "Riliessik" {rElec rPois Int+4 Slay+4}
MPRegen  0.24/turn              J - ring "Araniem" {rF+ MR+ Slay+3}

@: drained
A: retaliatory headbutt, hooves 1, horns 2, blurry vision 1, poison resistance,
screaming 1, evolution 1, subdued magic 1, no stealth, inability to use devices,
hated by all, no air magic, no conjurations magic, no necromancy magic,
inexperienced 1
0: Orb of Zot
}: 3/15 runes: barnacled, silver, gossamer
a: Draw Out Power, Power Leap, Apocalypse, Renounce Religion


You escaped.
You worshipped Ru.
Ru was exalted by your worship.
You were full.

You visited 9 branches of the dungeon, and saw 48 of its levels.
You also visited: Trove, Ossuary, Ice Cave, Volcano and Desolation.

You collected 8606 gold pieces.
You spent 1776 gold pieces at shops.

Inventory:

Hand Weapons
 b - a +3 broad axe of holy wrath
   (You found it in the Desolation of Salt)
 D - the +10 mace of Death's Door (weapon) {flame, rPois Int+5 Dex+3}
   (You found it on level 6 of the Dungeon)

   It has been specially enchanted to burn those struck by it, causing extra
   injury to most foes and up to half again as much damage against particularly
   susceptible opponents.
   It affects your intelligence (+5).
   It affects your dexterity (+3).
   It protects you from poison.
Missiles
 e - 14 javelins of penetration
 j - 10 throwing nets {=f, !d}
 A - 14 steel javelins
 K - 5 curare-tipped needles
 Y - 16 silver javelins (quivered)
Armour
 i - a +1 shield of positive energy (worn)
   (You bought it in a shop on level 5 of the Vaults)
 p - a scarf of resistance (worn)
   (You found it on level 3 of the Dungeon)
 y - a +2 pair of gloves of archery (worn)
   (You bought it in a shop on level 5 of the Dungeon)
 G - +6 gold dragon scales
   (You found it on level 5 of the Vaults)
 S - a +0 hat (worn)
   (You found it on level 12 of the Dungeon)
 T - the +1 pair of boots "Oschyosaa" (worn) {*Contam +Inv Int-2 SInv}
   (You acquired it on level 5 of the Depths)

   It affects your intelligence (-2).
   It lets you see invisible.
   It lets you turn invisible.
   It causes magical contamination when unequipped.
 U - the +13 plate armour "Simag" (worn) {Str+2 Int+9}
   (You found it on level 15 of the Dungeon)

   It affects your strength (+2).
   It affects your intelligence (+9).
Jewellery
 d - the amulet "Vuxiub" (around neck) {MR++ Regen+ Dex+4 Slay+3 Stlth-}
   (You took it off an imperial myrmidon in the Desolation of Salt)

   [amulet of regeneration]

   It affects your dexterity (+4).
   It affects your accuracy and damage with ranged weapons and melee attacks
   (+3).
   It affects your resistance to hostile enchantments.
   It increases your rate of regeneration.
   It makes you less stealthy.
 E - the ring "Riliessik" (left hand) {rElec rPois Int+4 Slay+4}
   (You took it off a merfolk impaler on level 4 of the Shoals)

   [ring of slaying]

   It affects your intelligence (+4).
   It affects your accuracy and damage with ranged weapons and melee attacks
   (+4).
   It insulates you from electricity.
   It protects you from poison.
 J - the ring "Araniem" (right hand) {rF+ MR+ Slay+3}
   (You acquired it on level 3 of the Spider Nest)

   [ring of protection from magic]

   It affects your accuracy and damage with ranged weapons and melee attacks
   (+3).
   It protects you from fire.
   It affects your resistance to hostile enchantments.
Scrolls
 a - 2 scrolls of silence
 g - 2 scrolls of holy word {!r}
 h - 4 scrolls of identify
 q - 13 scrolls of teleportation
 u - 11 scrolls of fog
 x - 6 scrolls of immolation {!r}
 z - 8 scrolls of magic mapping {!r}
 B - a scroll of brand weapon
 F - 13 scrolls of remove curse
 M - 8 scrolls of fear
 P - 12 scrolls of blinking {!r}
Potions
 f - 2 potions of invisibility
 l - 5 potions of curing
 n - 4 potions of magic
 r - 3 potions of resistance
 t - 9 potions of lignification {!q}
 v - 8 potions of flight
 w - 5 potions of agility
 I - a potion of berserk rage {!q}
 L - 6 potions of ambrosia
 N - 7 potions of mutation {!q}
 Q - 2 potions of cancellation
 W - 6 potions of heal wounds
Comestibles
 c - 60 rations


   Skills:
 + Level 25.2(24.5) Fighting
 - Level 20.2(21.7) Axes
 + Level 17.8(20.6) Maces & Flails
 + Level 18.1(17.5) Throwing
 + Level 25.7(25.0) Armour
 + Level 21.7(21.0) Dodging
 - Level 15.0(14.4) Shields
 - Level 9.8(9.2) Spellcasting
 - Level 7.1(6.7) Hexes
 - Level 7.8(7.3) Translocations


You had 39 spell levels left.
You knew the following spells:

 Your Spells              Type           Power        Failure   Level  Hunger
a - Portal Projectile     Hex/Tloc       ####..       3%          3    None
b - Corona                Hex            ####...      1%          1    None


Dungeon Overview and Level Annotations

Branches:
Dungeon (15/15)            Temple (0/1) D:5            Lair (6/6) D:9
 Shoals (4/4) Lair:2       Spider (4/4) Lair:4        Slime (0/5) Lair:6
    Orc (2/2) D:10            Elf (2/3) Orc:2        Vaults (5/5) D:13
  Crypt (0/3) Vaults:3     Depths (5/5) D:15            Zot (5/5) Depths:5

Altars:
Ashenzari
Cheibriados
Elyvilon
Fedhas
Gozag
Hepliaklqana
Kikubaaqudgha
Makhleb
Qazlal
Ru
Sif Muna
Uskayaw
Vehumet
Wu Jian
Xom
Yredelemnul
Zin
Beogh
Jiyva

Shops:
D:5 *%[   D:12 (   Orc:2 !**(   Elf:1 *}=}   Elf:2 !   Vaults:1 :[(
Vaults:5 [   Depths:1 %?=[(*[}}

Portals:
Hell: Depths:1 Depths:2 Depths:3 Depths:4 Depths:5
Abyss: Depths:2 Depths:4 Depths:5
Pandemonium: Depths:3 Depths:4
Ziggurat: Depths:3

Annotations:
Lair:1 exclusion: oklob plant
Shoals:4 Nikola


Innate Abilities, Weirdness & Mutations

You reflexively headbutt those who attack you in melee.
You have a pair of horns on your head.
You cannot be stealthy.
You cannot study or use magical devices.
You are hated by all.
You cannot study or cast Air magic.
You cannot study or cast Conjurations magic.
You cannot study or cast Necromancy magic.
You are somewhat inexperienced. (-2 XL)
You have large cloven feet.
Scrolls take you a little longer to read.
Your system is resistant to poisons. (rPois)
You occasionally shout uncontrollably at your foes.
You evolve.
Your spells are a little easier to cast, but a little less powerful.


Message History

The eldritch tentacle claws you but does no damage.
An eldritch tentacle segment comes into view.
You sock the eldritch tentacle segment!
You headbutt the eldritch tentacle segment, but do no damage.
The eldritch tentacle segment is almost destroyed.
You feel sick.
You hit the eldritch tentacle segment.
You destroy the eldritch tentacle segment!
You feel sick.
You feel sick.
An ice devil comes into view.
You feel sick.
You feel sick.
You feel sick.
There is a stone staircase leading up here.
You feel sick.
You bludgeon the ice devil!! You burn the ice devil!
You kill the ice devil!
You feel sick.
There is a stone staircase leading up here.
You feel sick.
You feel less exhausted.
You feel sick.
Magic restored.
You feel sick.
You feel sick.
You feel sick.
You feel sick.
You feel sick.
You feel sick.
You are no longer poisoned.
Done exploring.
You climb upwards.
There is a stone staircase leading down here.
(D) Dungeon (T) Temple (L) Lair (A) Shoals (N) Spider Nest (M) Slime Pits (O) Orcish Mines (E) Elven Halls (V) Vaults (C) Crypt (U) Depths (H) Hell (Z) Zot
Where to? (Enter - D:1 @ (x,y), ? - help)
What level of the Dungeon? (default 1, ? - help)
A red devil comes into view. It is wielding a trident.
You block the red devil's attack.
You bludgeon the red devil!! You headbutt the red devil!
The red devil is almost dead.
You sock the red devil!
You kill the red devil!
(D) Dungeon (T) Temple (L) Lair (A) Shoals (N) Spider Nest (M) Slime Pits (O) Orcish Mines (E) Elven Halls (V) Vaults (C) Crypt (U) Depths (H) Hell (Z) Zot
Where to? (Enter - D:1 @ (x,y), ? - help)
What level of the Dungeon? (default 1, ? - help)
There is an open door here.
A soul eater comes into view.
There is a stone staircase leading up here.
You climb upwards.
There is a stone staircase leading down here.
(D) Dungeon (T) Temple (L) Lair (A) Shoals (N) Spider Nest (M) Slime Pits (O) Orcish Mines (E) Elven Halls (V) Vaults (C) Crypt (U) Depths (H) Hell (Z) Zot
Where to? (Enter - D:1 @ (x,y), ? - help)
What level of the Dungeon? (default 1, ? - help)
There is a stone staircase leading up, spattered with blood here.
You climb upwards.
There is a stone staircase leading down here.
There is a stone staircase leading up here.
You climb upwards.
There is a stone staircase leading down here.
HP restored.
An Executioner comes into view.
The Executioner gestures.
The Executioner seems to speed up.
You redirect the Executioner's attack!
The Executioner hits you!
The Executioner completely misses you. x2
You barely miss the Executioner. You headbutt the Executioner!
The Executioner is moderately wounded.
The Executioner hits you. The Executioner misses you.
You block the Executioner's attack. x2; The Executioner completely misses you.
The Executioner closely misses you.
The Executioner hits you but does no damage.
You block the Executioner's attack. The Executioner misses you.
You miss the Executioner. You headbutt the Executioner!
The Executioner is moderately wounded.
The Executioner misses you.
The Executioner hits you but does no damage.
You block the Executioner's attack. x2; The Executioner hits you!
You focus your will and illuminate the Executioner in retribution!
The Executioner hits you but does no damage.
You bludgeon the Executioner!! You burn the Executioner.
The Executioner is almost dead.
The Executioner completely misses you. You furiously retaliate!
You headbutt the Executioner. You block the Executioner's attack. x2
The Executioner completely misses you. You furiously retaliate!
You headbutt the Executioner.
You kill the Executioner!
An orange demon comes into view.
The orange demon screeches!
The orange demon moves out of view.
There is a staircase leading out of the dungeon here.
You have escaped!

........#.#............#.#...#
........#..#..&..#....#.(#...#
###...#.#...#...#....#...#...# #
##....#....#4#.#..#....#.###
#.#..#.....#...##.....#..#####
###.##.#....#...#.#.....#(......
##...##.#...#...#...#....#.#.#.#.
........#..#...#.#...#...#.......
..........#...#.@.#...#....#.#.#.
........#....#.......#.#.#.......
........#...#.#.....#....#.#.#.#.
........#..#...#...#.....#.......
........#.....#.#.##.....#.#.#.#.
........#....#...#..#....#.......
......#.#...#...#....#...#.#.#.#.
......#.#..#..........#..#.......
......#.#.#............#.#.#.#.#.


You could see Nemue and an orange demon.

Vanquished Creatures
  Mara (Depths:2)
  7 orbs of fire
  2 pandemonium lords (Depths:5)
  Mennas (Vaults:4)
  3 juggernauts
  6 ancient liches
  Sojobo (Vaults:5)
  Saint Roka (Vaults:4)
  Margery (Depths:4)
  3 curse toes
  2 Killer Klowns (Zot:5)
  The ghost of Baghtru the Executioner, a veteran HOFi of the Shining One (Vaults:5)
  Frederick (Vaults:4)
  4 caustic shrikes
  Jory (Vaults:4)
  7 golden dragons
  A Tzitzimitl (D:5)
  The ghost of CLM the Severer, an adept HOFi of Qazlal (Spider:4)
  Jorgrun (Depths:1)
  2 electric golems (Zot:5)
  15 tentacled monstrosities
  2 deep elf blademasters (Elf:2)
  27 Orb Guardians
  2 liches
  7 quicksilver dragons
  5 titans
  Asterion (Spider:1)
  8 death cobs
  A kraken (Shoals:4)
  2 sphinxes
  An Executioner (D:1)
  13 shadow dragons
  Agnes (Spider:4)
  6 storm dragons
  Ilsuiw (Shoals:3)
  5 draconian knights
  5 draconian monks
  11 fire giants
  11 tengu reavers
  8 vault wardens
  Aizul (Spider:1)
  An imperial myrmidon (Desolation)
  An iron dragon (Vaults:5)
  A deep elf sorcerer (Elf:1)
  2 draconian scorchers
  11 frost giants
  5 ghost moths
  6 draconian shifters
  A draconian stormcaller (Zot:3)
  2 orc warlords
  13 ironheart preservers
  4 emperor scorpions
  A deep elf elementalist (Vaults:5)
  7 draconian annihilators
  35 stone giants
  2 war gargoyles (Vaults:5)
  3 deep elf demonologists
  7 green draconians
  25 very ugly things
  5 spriggan defenders
  4 entropy weavers
  6 black draconians
  5 deep elf annihilators
  13 spark wasps
  6 purple draconians
  The ghost of Dioder the Blocker, a journeyman DsFi of Makhleb (Lair:4)
  7 vampire knights
  The ghost of ScottishVillain the Basher, a journeyman DsWn of Gozag (Depths:1)
  8 white draconians
  A halazid warlock (Desolation)
  17 red draconians
  12 yellow draconians
  9 fire dragons
  7 merfolk javelineers
  11 ettins
  2 crystal guardians (Desolation)
  A blizzard demon (Depths:5)
  12 ragged hierophants
  6 merfolk impalers
  Josephine (Orc:1)
  15 yaktaur captains
  3 hydras
  11 ice dragons
  11 servants of whispers (Desolation)
  4 deep elf high priests
  A hell beast (Depths:4)
  8 peacekeepers
  4 rakshasas
  7 spriggan air magi
  7 great orbs of eyes
  29 vault guards
  4 merfolk avatars
  4 centaur warriors
  39 two-headed ogres
  A death knight (Vaults:3)
  11 deep troll shamans
  29 dancing weapons
  12 ogre magi
  A death yak (shapeshifter) (Depths:3)
  4 merfolk aquamancers (Shoals:4)
  The ghost of
  1994 the Fighter, a novice GnWn of Xom (D:8)
  2 alligator snapping turtles
  6 tengu warriors
  14 deep troll earth magi
  6 death yaks
  An orc high priest (Orc:1)
  9 spriggan berserkers
  3 vampire magi
  2 sun demons
  23 deep elf knights
  5 hell knights (Depths:4)
  2 iron trolls
  5 unseen horrors
  15 skeletal warriors
  2 shadow wraiths
  23 deep trolls
  A spark wasp zombie (Depths:1)
  6 sea snakes
  A deep troll (shapeshifter) (Depths:5)
  9 glowing orange brains
  3 flayed ghosts
  8 wizards
  An orange crystal statue (Depths:1)
  22 deep elf archers
  A wolf spider zombie (D:15)
  A harpy (shapeshifter) (Vaults:3)
  6 phantasmal warriors
  A lindwurm (shapeshifter) (Depths:4)
  Pikel (D:6)
  6 necromancers
  29 harpies
  15 orb spiders
  25 ironbrand convokers
  20 orc knights
  A wolf spider (shapeshifter) (Elf:2)
  58 deep elf magi
  A tengu zombie (Depths:4)
  9 orc sorcerers
  A faun (Shoals:1)
  A frost giant zombie (Depths:1)
  A stone giant zombie (Vaults:1)
  A faun (shapeshifter) (Depths:4)
  A cyclops (shapeshifter) (Elf:2)
  25 wolf spiders
  17 cyclopes
  2 stone giant skeletons
  A moth of wrath (shapeshifter) (Depths:1)
  11 manticores
  6 elephants
  31 ugly things
  3 centaur zombies
  Joseph (D:8)
  13 merfolk sirens
  4 guardian serpents (Desolation)
  23 moths of wrath
  A naga mage (Depths:3)
  2 rust devils
  3 water nymphs
  15 vault sentinels
  13 human skeletons
  2 black mambas (Lair:6)
  A torpor snail (Spider:4)
  3 gargoyles
  2 molten gargoyles (Desolation)
  2 orange demons
  A centaur skeleton (D:14)
  A hellion (Zot:5)
  12 spiny frogs
  A rime drake (shapeshifter) (Depths:1)
  2 efreet
  A kobold demonologist (D:15)
  4 rime drakes
  7 freezing wraiths
  10 komodo dragons
  2 komodo dragons (shapeshifter)
  35 yaktaurs
  A hellwing (Zot:2)
  4 tengu conjurers
  8 demonic crawlers
  4 ice devils
  2 red devils
  A queen bee (shapeshifter) (Depths:3)
  14 trolls
  A troll (shapeshifter) (D:15)
  34 jumping spiders
  22 polar bears
  4 wind drakes
  73 saltlings
  32 merfolk
  Grinder (D:3)
  A blink frog (shapeshifter) (Vaults:3)
  25 hornets
  25 slime creatures
  9 snapping turtles
  4 dream sheep
  A hippogriff (shapeshifter) (Vaults:3)
  A human simulacrum (Vaults:2)
  A stone giant simulacrum (Vaults:1)
  9 blink frogs
  11 hippogriffs
  13 water elementals
  19 spriggans
  3 shadows
  24 tarantellas
  A fire dragon skeleton (Depths:1)
  14 wraiths
  38 yaks
  A ynoxinul (Zot:1)
  61 redbacks
  A wyvern (D:11)
  An air elemental (Depths:5)
  2 hogs (shapeshifter)
  2 tarantellas (shapeshifter)
  18 fire elementals
  2 vampires (D:15)
  4 fire bats (Lair:4)
  A neqoxec (D:5)
  3 chaos spawn
  5 hungry ghosts
  2 steam dragons
  4 vampire mosquitoes
  10 wargs
  Menkaure (D:6)
  3 insubstantial wisps (Lair:2)
  3 acid dragons
  2 soldier ants (D:11)
  20 water moccasins
  45 orc warriors
  6 porcupines
  3 floating eyes
  5 phantoms
  2 slaves (D:6)
  5 ice beasts
  8 black bears
  A hornet zombie (D:13)
  51 ogres
  6 sky beasts
  A necrophage (D:10)
  12 boggarts
  35 wolves
  9 centaurs
  A human zombie (Vaults:4)
  12 crocodiles
  A yaktaur zombie (Vaults:1)
  2 big kobolds
  15 bullfrogs
  2 wyvern zombies
  2 earth elementals
  2 scorpions
  A wyvern skeleton (D:8)
  20 killer bees
  8 wights
  7 electric eels
  9 howler monkeys
  7 crimson imps
  2 bullfrog zombies
  9 hounds
  8 jellies
  40 orc priests
  35 orc wizards
  2 bullfrog skeletons
  An iron imp (Depths:1)
  6 iguanas
  Ijyb (D:5)
  10 worker ants
  A hound zombie (D:8)
  2 hound skeletons
  8 mummies (Ossuary)
  3 gnolls (D:3)
  10 adders
  4 shadow imps
  An ufetubus (D:10)
  2 oozes
  An adder skeleton (D:5)
  An adder zombie (D:5)
  2 worms
  A worm (shapeshifter) (Vaults:5)
  3 dart slugs
  3 leopard geckos
  127 orcs
  4 bat skeletons (D:3)
  A bat zombie (D:3)
  7 giant cockroaches
  7 goblins
  5 hobgoblins
  14 jackals
  3 quokkas
  A ball python (D:4)
  5 bats
  4 frilled lizards
  2 hobgoblin zombies (Ossuary)
  2 jackal skeletons
  A jackal zombie (D:5)
  11 kobolds
  4 kobold zombies (Ossuary)
  2 orc zombies (Ossuary)
  A quokka skeleton (D:4)
  7 rats
  30 plants
  2 tentacles (Shoals:4)
2473 creatures vanquished.

Vanquished Creatures (others)
  A pandemonium lord (D:5)
  A tentacled monstrosity (Vaults:5)
  3 Orb Guardians (Zot:5)
  A quicksilver dragon (Zot:4)
  An eldritch tentacle (D:5)
  A storm dragon (Vaults:5)
  3 frost giants
  A deep elf elementalist (Vaults:5)
  2 stone giants
  Snorg (Lair:6)
  3 ettins
  A yellow draconian (Depths:5)
  A merfolk impaler (Shoals:4)
  A fire dragon (Depths:5)
  A ragged hierophant (Desolation)
  A dancing weapon (Elf:2)
  2 deep elf knights
  2 orb spiders (Spider:4)
  3 deep elf magi
  An orc knight (Vaults:3)
  A harpy (D:15)
  2 wolf spiders
  2 moths of wrath
  A stone giant skeleton (Vaults:4)
  A komodo dragon (Lair:5)
  2 yaktaurs (Depths:2)
  A merfolk (Shoals:4)
  A jumping spider (Spider:4)
  A hornet (Vaults:5)
  5 saltlings (Desolation)
  3 redbacks
  An air elemental (Depths:5)
  A wyvern (Lair:1)
  A water elemental (Shoals:4)
  A hungry ghost (D:15)
  A water moccasin (Lair:3)
  A floating eye (Depths:4)
  2 orc warriors (Vaults:3)
  An ogre (Vaults:4)
  4 boggarts
  A howler monkey (D:4)
  A small abomination (Depths:5)
  2 orc wizards
  An adder (D:5)
  5 orcs
  6 bushes (Depths:3)
  12 fungi
  18 plants
  14 tentacles (Shoals:4)
  8 toadstools (Lair:1)
132 creatures vanquished.

Grand Total: 2605 creatures vanquished

Notes
Turn   | Place    | Note
-------+----------+-------------------------------------------
     0 | D:1      | Mgcat the Minotaur Monk began the quest for the Orb.
     0 | D:1      | Reached XP level 1. HP: 19/19 MP: 0/0
    96 | D:1      | Reached skill level 4 in Fighting
    96 | D:1      | Reached skill level 4 in Axes
   110 | D:1      | Reached XP level 2. HP: 21/27 MP: 1/1
   585 | D:2      | Reached XP level 3. HP: 30/34 MP: 2/2
   704 | D:2      | Found a sacrificial altar of Ru.
   709 | D:2      | Became a worshipper of Ru the Awakened
   738 | D:2      | Gained mutation: You cannot be stealthy. [Ru sacrifice]
   738 | D:2      | Reduced skill Stealth to level 0
  1230 | D:3      | Reached skill level 5 in Axes
  1230 | D:3      | Reached XP level 4. HP: 39/41 MP: 3/3
  1246 | D:3      | Reached skill level 5 in Fighting
  1248 | D:3      | Found a hide-covered altar of Uskayaw.
  1459 | D:3      | Noticed Grinder
  1471 | D:3      | Killed Grinder
  1471 | D:3      | Reached skill level 6 in Fighting
  1471 | D:3      | Reached skill level 6 in Axes
  1471 | D:3      | Reached XP level 5. HP: 33/51 MP: 4/4
  1471 | D:3      | Reached XP level 6. HP: 37/58 MP: 5/5
  1525 | D:3      | Found a faded altar of an unknown god.
  1674 | D:3      | HP: 14/58 [gnoll/halberd (7)]
  2295 | D:3      | Found an ancient bone altar of Kikubaaqudgha.
  2533 | D:4      | Found a deep blue altar of Sif Muna.
  2539 | D:4      | Gained mutation: You cannot study or use magical devices. [Ru sacrifice]
  2539 | D:4      | Reached * piety under Ru
  2539 | D:4      | Reached ** piety under Ru
  2539 | D:4      | Reached *** piety under Ru
  2546 | D:4      | Reached skill level 7 in Fighting
  2546 | D:4      | Reached skill level 7 in Axes
  2670 | D:4      | Reached XP level 7. HP: 55/66 MP: 6/6
  2895 | D:4      | Found a shimmering altar of Xom.
  3317 | D:5      | Entered Level 5 of the Dungeon
  3328 | D:5      | Found a white marble altar of Elyvilon.
  3343 | D:5      | Noticed Ijyb
  3361 | D:5      | Killed Ijyb
  3383 | D:5      | Found an ornate altar of the Wu Jian Council.
  3418 | D:5      | Reached skill level 8 in Fighting
  3418 | D:5      | Reached skill level 8 in Axes
  3547 | D:5      | Reached XP level 8. HP: 43/75 MP: 7/7
  3735 | D:5      | Found Emaaguem's Food Boutique.
  3746 | D:5      | Found Par Yhojy's General Store.
  3794 | D:5      | Found a staircase to the Ecumenical Temple.
  3804 | D:5      | Reached skill level 9 in Fighting
  3809 | D:5      | Reached skill level 9 in Axes
  3867 | D:5      | Found Gim Miwi's Antique Armour Shop.
  3887 | D:5      | Bought a pair of glowing gloves for 195 gold pieces
  4245 | D:6      | Noticed Pikel
  4252 | D:6      | Killed Pikel
  4252 | D:6      | Reached skill level 10 in Fighting
  4252 | D:6      | Reached skill level 10 in Axes
  4283 | D:6      | Gained mutation: You are somewhat inexperienced. (-2 XL) [Ru sacrifice]
  4283 | D:6      | Reached XP level 7. HP: 72/72 MP: 6/6
  4283 | D:6      | Reached XP level 6. HP: 66/66 MP: 5/5
  4283 | D:6      | Reached **** piety under Ru
  4283 | D:6      | Reached ***** piety under Ru
  4325 | D:6      | Reached skill level 1 in Throwing
  4325 | D:6      | Reached XP level 7. HP: 63/72 MP: 6/6
  4341 | D:6      | Reached skill level 2 in Throwing
  4390 | D:6      | Noticed Menkaure
  4398 | D:6      | Killed Menkaure
  4398 | D:6      | Reached skill level 3 in Throwing
  4488 | D:6      | Got a ruby-studded leather armour
  4499 | D:6      | Identified the cursed +0 leather armour "Oghan" {*Slow +Blink rElec} (You found it on level 6 of the Dungeon)
  4705 | D:6      | Got a crystal mace
  4706 | D:6      | Identified the +10 mace of Death's Door {flame, rPois Int+5 Dex+3} (You found it on level 6 of the Dungeon)
  4776 | D:6      | Noticed an angel
  4777 | D:6      | Found a glowing silver altar of Zin.
  4803 | D:7      | Noticed a hungry ghost
  4813 | D:7      | Reached skill level 4 in Throwing
  4814 | D:7      | Killed a hungry ghost
  4814 | D:7      | Reached XP level 8. HP: 56/79 MP: 7/7
  4890 | D:7      | Reached skill level 5 in Throwing
  5001 | D:7      | Reached skill level 6 in Throwing
  5169 | D:7      | Found a snail-covered altar of Cheibriados.
  5347 | D:7      | Reached skill level 7 in Throwing
  5746 | D:8      | Found a sand-covered staircase.
  5754 | Ossuary  | Entered an ossuary
  5903 | Ossuary  | Reached XP level 9. HP: 62/85 MP: 8/8
  6096 | D:8      | Noticed 1994's ghost (novice GnWn)
  6098 | D:8      | Noticed Joseph
  6102 | D:8      | Reached skill level 8 in Throwing
  6118 | D:8      | Killed 1994's ghost
  6118 | D:8      | Reached skill level 2 in Armour
  6125 | D:8      | Killed Joseph
  6125 | D:8      | Reached skill level 3 in Armour
  6267 | D:8      | Gained mutation: You cannot study or cast Air magic. [Ru sacrifice]
  6267 | D:8      | Gained mutation: You cannot study or cast Necromancy magic. [Ru sacrifice]
  6267 | D:8      | Gained mutation: You cannot study or cast Conjurations magic. [Ru sacrifice]
  6438 | D:8      | Noticed a two-headed ogre
  6445 | D:8      | Killed a two-headed ogre
  6445 | D:8      | Reached skill level 11 in Fighting
  6445 | D:8      | Reached skill level 11 in Axes
  6445 | D:8      | Reached skill level 4 in Armour
  6603 | D:8      | Reached XP level 10. HP: 93/95 MP: 9/9
  6653 | D:8      | Found a stormy altar of Qazlal.
  6939 | D:9      | Found a hazy altar of Hepliaklqana.
  7016 | D:9      | Reached skill level 5 in Armour
  7268 | D:9      | Found a staircase to the Lair.
  7271 | D:9      | Reached skill level 6 in Armour
  7784 | D:9      | Gained mutation: You are hated by all. [Ru sacrifice]
  7784 | D:9      | Reached ****** piety under Ru
  7870 | D:10     | Entered Level 10 of the Dungeon
  8046 | D:10     | Reached skill level 12 in Fighting
  8048 | D:10     | Reached skill level 12 in Axes
  8122 | D:10     | Reached skill level 7 in Armour
  8284 | D:10     | Found a staircase to the Orcish Mines.
  8398 | D:10     | Reached XP level 11. HP: 104/105 MP: 10/10
  8612 | D:11     | Noticed a two-headed ogre
  8623 | D:10     | Killed a two-headed ogre
  8859 | D:11     | Paralysed by a hornet for 3 turns
  9000 | D:11     | Reached skill level 8 in Armour
  9095 | D:11     | Noticed a white ugly thing
  9100 | D:11     | Noticed a cyan ugly thing
  9109 | D:11     | Killed a white ugly thing
  9109 | D:11     | Reached skill level 13 in Fighting
  9109 | D:11     | Reached skill level 13 in Axes
  9113 | D:11     | HP: 26/107 [white ugly thing (22)]
  9119 | D:11     | HP: 12/107 [white ugly thing (31)]
  9122 | D:11     | Killed a white ugly thing
  9287 | D:11     | Reached skill level 9 in Armour
  9332 | D:11     | HP: 22/107 [hornet (11)]
  9886 | Lair:1   | Entered Level 1 of the Lair of Beasts
  9900 | Lair:1   | Reached skill level 4 in Dodging
 10169 | Lair:1   | Found a blossoming altar of Fedhas.
 10193 | Lair:1   | Noticed an oklob plant
 10945 | Lair:2   | Reached XP level 12. HP: 105/115 MP: 11/11
 11090 | Lair:2   | Reached skill level 5 in Dodging
 11215 | Lair:2   | Reached skill level 10 in Armour
 11633 | Lair:2   | Reached skill level 14 in Fighting
 11633 | Lair:2   | Reached skill level 14 in Axes
 11633 | Lair:2   | Reached skill level 6 in Dodging
 11800 | Lair:2   | Found a staircase to the Shoals.
 12693 | Lair:3   | Got a transparent chain mail
 12704 | Lair:3   | Identified the +0 chain mail of the Bulwark {Int+7 Dex+3} (You found it on level 3 of the Lair of Beasts)
 13146 | Lair:4   | Found a dark tunnel.
 13154 | Volcano  | Entered a volcano
 13202 | Volcano  | Reached skill level 11 in Armour
 13266 | Volcano  | Noticed a stone giant
 13287 | Volcano  | Killed a stone giant
 13287 | Volcano  | Reached skill level 7 in Dodging
 13516 | Lair:4   | Noticed a seven-headed hydra
 13521 | Lair:4   | Killed a seven-headed hydra
 13636 | Lair:4   | Noticed Dioder's ghost (journeyman DsFi)
 13665 | Lair:4   | Killed Dioder's ghost
 13665 | Lair:4   | Reached XP level 13. HP: 83/125 MP: 7/12
 13812 | Lair:4   | Found a hole to the Spider Nest.
 14545 | Lair:5   | Reached skill level 8 in Dodging
 15119 | Lair:6   | Entered Level 6 of the Lair of Beasts
 15159 | Lair:5   | Reached skill level 15 in Fighting
 15205 | Lair:5   | Reached skill level 15 in Axes
 15214 | Lair:5   | Reached skill level 12 in Armour
 15705 | Lair:6   | Reached skill level 9 in Dodging
 16538 | Lair:6   | Noticed Snorg
 16548 | Lair:6   | Killed Snorg
 16574 | Lair:6   | Reached XP level 14. HP: 104/136 MP: 13/13
 16755 | Lair:6   | Reached skill level 13 in Armour
 16843 | Lair:6   | Found a viscous altar of Jiyva.
 16844 | Lair:6   | Found a staircase to the Slime Pits.
 17647 | Orc:1    | Entered Level 1 of the Orcish Mines
 17834 | Orc:1    | Noticed Josephine
 17855 | Orc:1    | Killed Josephine
 17855 | Orc:1    | Reached skill level 10 in Dodging
 18048 | Orc:1    | Noticed an orc warlord
 18048 | Orc:1    | Reached skill level 16 in Fighting
 18063 | Orc:1    | Killed an orc warlord
 18063 | Orc:1    | Reached skill level 16 in Axes
 18147 | Orc:1    | Noticed a stone giant
 18214 | Orc:1    | Killed a stone giant
 18373 | Orc:1    | Found a roughly hewn altar of Beogh.
 18491 | Orc:2    | Entered Level 2 of the Orcish Mines
 18491 | Orc:2    | Found a staircase to the Elven Halls.
 19030 | Orc:2    | Reached skill level 11 in Dodging
 19125 | Orc:2    | Reached skill level 14 in Armour
 19437 | Orc:2    | Found Agenise's Assorted Antiques.
 19438 | Orc:2    | Found Eqoidoemi's Distillery.
 19444 | Orc:2    | Found Lit Awos's Antique Weapon Shop.
 19446 | Orc:2    | Bought a scroll labeled KOEBLA HYROMN for 27 gold pieces
 19454 | Orc:2    | Found Noryor's General Store.
 20021 | D:12     | Found an opulent altar of Gozag.
 20270 | D:12     | Reached XP level 15. HP: 136/145 MP: 14/14
 20317 | D:12     | Found Keatik's Antique Weapon Boutique.
 21265 | D:13     | Reached skill level 17 in Fighting
 21294 | D:13     | Reached skill level 17 in Axes
 22125 | D:13     | Found a gate to the Vaults.
 22284 | D:13     | Reached skill level 12 in Dodging
 22335 | D:13     | Found the +5 scythe "Finisher" {speed, Str+3}
 23195 | D:14     | Reached skill level 15 in Armour
 23391 | D:14     | Found a burning altar of Makhleb.
 23421 | D:15     | Entered Level 15 of the Dungeon
 23588 | D:15     | Found a frozen archway.
 23604 | IceCv    | Entered an ice cave
 24044 | IceCv    | Noticed a frost giant
 24083 | IceCv    | Killed a frost giant
 24140 | IceCv    | Identified Deatoram's Papyrus of Summoning
 24482 | D:15     | Found a staircase to the Depths.
 24890 | D:15     | Reached XP level 16. HP: 145/157 MP: 15/15
 25164 | D:15     | Found a shattered altar of Ashenzari.
 25164 | D:15     | Found a hide-covered altar of Uskayaw.
 25193 | D:15     | Got a smelly leather armour
 25255 | D:15     | Got a fine plate armour
 25266 | D:15     | Identified the +13 plate armour "Simag" {Str+2 Int+9} (You found it on level 15 of the Dungeon)
 25347 | D:15     | Got a brightly glowing flail
 25348 | D:15     | Identified the cursed +1 flail of Irhucafo {crush, +Fly rPois Str+5} (You found it on level 15 of the Dungeon)
 25375 | D:15     | Identified the +7 leather armour "Hyifaov" {rF+ rN++ Int-5} (You found it on level 15 of the Dungeon)
 25558 | Shoals:1 | Entered Level 1 of the Shoals
 25571 | Shoals:1 | Got a pair of pitted boots
 25582 | Shoals:1 | Identified the +1 pair of boots of the Pits of Slime {rPois} (You found it on level 1 of the Shoals)
 25793 | Shoals:1 | Identified a scroll of acquirement
 25858 | Shoals:1 | Reached skill level 13 in Dodging
 26714 | Shoals:2 | Reached skill level 18 in Axes
 26717 | Shoals:2 | Reached skill level 18 in Fighting
 27156 | Shoals:2 | Reached skill level 16 in Armour
 27402 | Shoals:2 | Reached skill level 1 in Shields
 27904 | Shoals:3 | Reached skill level 2 in Shields
 28465 | Shoals:4 | Entered Level 4 of the Shoals
 28507 | Shoals:4 | Noticed Ilsuiw
 28511 | Shoals:4 | Noticed Nikola
 28517 | Shoals:4 | HP: 39/158 [sea snake (7)]
 28523 | Shoals:4 | Reached skill level 3 in Shields
 28601 | Shoals:4 | HP: 38/158 [merfolk aquamancer/shard of ice (27)]
 28691 | Shoals:4 | HP: 37/159 [Nikola/chain lightning (26)]
 28700 | Shoals:4 | HP: 35/159 [merfolk javelineer/steel javelin (11)]
 28707 | Shoals:4 | HP: 25/159 [merfolk javelineer/spear of venom (8)]
 28727 | Shoals:4 | HP: 35/159 [merfolk javelineer/steel javelin (2)]
 29088 | Shoals:4 | HP: 39/159 [drowned by a water elemental[Ilsuiw] (4)]
 29090 | Shoals:4 | HP: 11/159 [something/shard of ice (37)]
 29091 | Shoals:4 | HP: 5/159 [drowned by a water elemental[Ilsuiw] (1)]
 29092 | Shoals:4 | Reached skill level 4 in Shields
 29947 | Shoals:3 | HP: 39/159 [snapping turtle (9)]
 29953 | Shoals:3 | HP: 18/159 [snapping turtle (11)]
 30275 | Shoals:4 | HP: 39/159 [poisoned by a sea snake]
 30280 | Shoals:4 | HP: 26/159 [poisoned by a sea snake]
 30286 | Shoals:3 | HP: 34/159 [something (5)]
 30471 | Shoals:3 | HP: 36/159 [water elemental[Ilsuiw] (7)]
 30476 | Shoals:3 | HP: 21/159 [water elemental[Ilsuiw] (5)]
 30481 | Shoals:3 | HP: 27/159 [drowned by a water elemental[Ilsuiw] (4)]
 30486 | Shoals:3 | HP: 35/159 [drowned by a water elemental[Ilsuiw] (3)]
 30489 | Shoals:3 | Killed Ilsuiw
 30893 | Shoals:4 | Reached XP level 17. HP: 105/166 MP: 14/16
 31212 | Shoals:4 | Reached skill level 5 in Shields
 31315 | Shoals:4 | Reached skill level 14 in Dodging
 31629 | Shoals:4 | Got a wavering glass ring
 32194 | Shoals:4 | Noticed a kraken
 32227 | Shoals:4 | Killed a kraken
 32367 | Shoals:4 | Got a barnacled rune of Zot
 32591 | Spider:1 | Entered Level 1 of the Spider Nest
 32644 | Spider:1 | Noticed Aizul
 32673 | Spider:1 | Killed Aizul
 32759 | Spider:1 | Noticed Asterion
 32775 | Spider:1 | Killed Asterion
 33670 | Spider:1 | Identified the ring "Riliessik" {rElec rPois Int+4 Slay+4} (You took it off a merfolk impaler on level 4 of the Shoals)
 34059 | Spider:2 | Reached skill level 19 in Axes
 34059 | Spider:2 | Reached skill level 17 in Armour
 34138 | Spider:2 | Reached skill level 19 in Fighting
 35369 | Spider:3 | Got a bound iron ring
 35371 | Spider:3 | Identified the ring "Araniem" {rF+ MR+ Slay+3} (You acquired it on level 3 of the Spider Nest)
 35476 | Spider:4 | Entered Level 4 of the Spider Nest
 35766 | Spider:4 | Noticed CLM's ghost (adept HOFi)
 35791 | Spider:4 | Killed CLM's ghost
 35995 | Spider:4 | Reached skill level 15 in Dodging
 36118 | Spider:4 | Noticed Agnes
 36127 | Spider:4 | Killed Agnes
 36127 | Spider:4 | Reached XP level 18. HP: 158/176 MP: 15/17
 37102 | Elf:1    | Entered Level 1 of the Elven Halls
 37287 | Elf:1    | Reached skill level 6 in Shields
 37394 | Elf:1    | Reached skill level 18 in Armour
 37410 | Elf:1    | Got a smoking scale mail
 38063 | Elf:1    | Found Zenod's Gadget Emporium.
 38063 | Elf:1    | Found Qiareud's Jewellery Shop.
 38064 | Elf:1    | Found Fopempuq's Gadget Emporium.
 38074 | Elf:1    | Bought a cursed amulet of inaccuracy for 22 gold pieces
 38074 | Elf:1    | Bought a cursed ring of teleportation for 49 gold pieces
 38074 | Elf:1    | Bought a +5 amulet of reflection for 453 gold pieces
 38080 | Elf:1    | Identified the +1 scale mail "Nuso" {*Slow +Inv rN+} (You took it off a deep elf high priest on level 1 of the Elven Halls)
 38389 | Elf:1    | Found Ydghae's General Store.
 38490 | Elf:2    | Reached skill level 9 in Throwing
 38490 | Elf:2    | Reached skill level 7 in Shields
 38519 | Elf:2    | Reached skill level 20 in Fighting
 38554 | Elf:2    | Reached skill level 20 in Axes
 38649 | Elf:2    | HP: 39/178 [glaive of venom (14)]
 39079 | Elf:2    | Got a sheer robe
 39174 | Elf:2    | Found a runed gate.
 39174 | Elf:2    | Found a runed gate.
 39174 | Elf:2    | Found a runed gate.
 39354 | Elf:2    | Found Noschook's Distillery.
 39418 | Elf:2    | Found a portal to a secret trove of treasure.
 39654 | Elf:2    | Reached skill level 8 in Shields
 39654 | Elf:2    | Reached XP level 19. HP: 185/185 MP: 18/18
 39730 | Elf:2    | Reached skill level 16 in Dodging
 40395 | Vaults:1 | Entered Level 1 of the Vaults
 40481 | Vaults:1 | Found a ruined gateway.
 40518 | Vaults:1 | Reached skill level 1 in Maces & Flails
 40543 | Desolati | Entered the Desolation of Salt
 40654 | Desolati | Reached skill level 2 in Maces & Flails
 40714 | Desolati | Reached skill level 10 in Throwing
 40733 | Desolati | Reached skill level 9 in Shields
 40741 | Desolati | Reached skill level 3 in Maces & Flails
 40917 | Desolati | Reached skill level 4 in Maces & Flails
 41211 | Desolati | Got a faintly glowing copper amulet
 41263 | Desolati | Identified Inoilon's Guide on Lucky Execration
 41300 | Desolati | Got a glittering bone ring
 41304 | Desolati | Got a smoking scale mail
 41307 | Desolati | Got a steaming granite ring
 41741 | Vaults:1 | Identified the +1 scale mail of the Princeling {+Blink rElec} (You found it in the Desolation of Salt)
 41753 | Vaults:1 | Identified the amulet "Vuxiub" {MR++ Regen+ Dex+4 Slay+3 Stlth-} (You took it off an imperial myrmidon in the Desolation of Salt)
 41754 | Vaults:1 | Identified the ring "Veosasyv" {MR+ Str+2} (You found it in the Desolation of Salt)
 41755 | Vaults:1 | Identified the cursed ring "Waimm" {rC+ AC-3 Str+3} (You found it in the Desolation of Salt)
 41775 | Vaults:1 | Reached skill level 19 in Armour
 41793 | Vaults:1 | Reached skill level 5 in Maces & Flails
 42028 | Vaults:1 | Reached skill level 10 in Shields
 42082 | Vaults:1 | Reached XP level 20. HP: 193/195 MP: 19/19
 42341 | Vaults:1 | Reached skill level 6 in Maces & Flails
 42579 | Vaults:1 | Reached skill level 11 in Throwing
 42643 | Vaults:1 | Found Daucra Nadghi's Book Shop.
 42895 | Vaults:1 | Found Zumawk's Armour Shoppe.
 42920 | Vaults:1 | Found Kahonixe's Antique Weapon Shoppe.
 43260 | Vaults:2 | Reached skill level 21 in Fighting
 43372 | Vaults:2 | Reached skill level 7 in Maces & Flails
 43854 | Vaults:2 | Got a crystal morningstar
 43971 | Vaults:2 | Identified the cursed +1 morningstar of Qaghul {drain, Fragile +Rage rC- SInv} (You found it on level 2 of the Vaults)
 44323 | Elf:2    | You paid a toll of a +6 demon blade to enter a treasure trove
 44324 | Trove    | Entered a treasure trove
 44402 | Trove    | Identified Sif Muna's Tome of Flames and the Traveller
 44408 | Trove    | Identified Sif Muna's Disquisition on the Oath
 44413 | Trove    | Learned a level 3 spell: Portal Projectile
 44782 | Vaults:3 | Reached skill level 17 in Dodging
 44825 | Vaults:3 | Reached skill level 11 in Shields
 44973 | Vaults:3 | Reached skill level 1 in Spellcasting
 45001 | Vaults:3 | Reached skill level 1 in Translocations
 45112 | Vaults:3 | Reached skill level 1 in Hexes
 45377 | Vaults:3 | Reached skill level 2 in Spellcasting
 45581 | Vaults:3 | Reached skill level 12 in Throwing
 45587 | Vaults:3 | Reached skill level 8 in Maces & Flails
 45599 | Vaults:3 | Reached skill level 2 in Translocations
 45612 | Vaults:3 | Reached XP level 21. HP: 193/204 MP: 23/23
 45720 | Vaults:3 | Reached skill level 2 in Hexes
 45828 | Vaults:3 | Found a staircase to the Crypt.
 45828 | Vaults:3 | Found an ancient bone altar of Kikubaaqudgha.
 45829 | Vaults:3 | Found a basalt altar of Yredelemnul.
 45843 | Vaults:3 | Reached skill level 20 in Armour
 45853 | Vaults:3 | Reached skill level 3 in Spellcasting
 46422 | Vaults:4 | Noticed Mennas
 46447 | Vaults:4 | Killed Mennas
 46568 | Vaults:4 | Noticed Frederick
 46584 | Vaults:4 | Killed Frederick
 46892 | Vaults:4 | Reached skill level 3 in Translocations
 46976 | Vaults:4 | Noticed Jory
 46998 | Vaults:4 | Killed Jory
 46998 | Vaults:4 | Reached skill level 9 in Maces & Flails
 46998 | Vaults:4 | Reached skill level 12 in Shields
 46998 | Vaults:4 | Reached skill level 4 in Spellcasting
 47435 | Vaults:4 | Reached skill level 3 in Hexes
 47521 | Vaults:4 | Noticed Saint Roka
 47531 | Vaults:4 | Killed Saint Roka
 47866 | Vaults:1 | Bought a book of Maledictions for 425 gold pieces
 47868 | Vaults:1 | Learned a level 1 spell: Corona
 48480 | Spider:4 | Got a gossamer rune of Zot
 48839 | Depths:1 | Entered Level 1 of the Depths
 48971 | Depths:1 | Noticed ScottishVillain's ghost (journeyman DsWn)
 48985 | Depths:1 | Killed ScottishVillain's ghost
 49009 | Depths:1 | Noticed Jorgrun
 49014 | Depths:1 | Reached skill level 5 in Spellcasting
 49016 | Depths:1 | Killed Jorgrun
 49029 | Depths:1 | Reached skill level 4 in Translocations
 49236 | Depths:1 | Found Tudyhan's Armour Shoppe.
 49278 | Depths:1 | Found Oty Jich's Gadget Shop.
 49310 | Depths:1 | Found Wimaor's Gadget Emporium.
 49400 | Depths:1 | Found Tafeacon's Magic Scroll Boutique.
 49408 | Depths:1 | Bought a scroll of remove curse for 36 gold pieces
 49414 | Depths:1 | Found Beh Iqenn's Jewellery Shop.
 49415 | Depths:1 | Found Tabreniyg's Weapon Boutique.
 49415 | Depths:1 | Found Otaec's Armour Shop.
 49418 | Depths:1 | Found Vuqugrei's Assorted Antiques.
 49426 | Depths:1 | Bought a scroll labeled ROOZER LOO for 25 gold pieces
 49527 | Depths:1 | Found Geneepta's Food Shop.
 49563 | Depths:1 | Reached XP level 22. HP: 196/214 MP: 28/28
 49718 | Depths:1 | Found a gateway to Hell.
 49848 | Depths:2 | Reached skill level 10 in Maces & Flails
 50032 | Depths:2 | Reached skill level 21 in Armour
 50138 | Depths:2 | Reached skill level 4 in Hexes
 50153 | Depths:2 | Noticed Mara
 50165 | Depths:2 | Noticed Mgcat's illusion
 50279 | Depths:2 | Killed Mara
 50291 | Depths:2 | Reached skill level 6 in Spellcasting
 50303 | Depths:2 | Reached skill level 18 in Dodging
 50410 | Depths:2 | Got a brightly glowing ring mail
 50411 | Depths:2 | Identified the +3 ring mail of Pan-Flutes {rCorr Str+6} (You found it on level 2 of the Depths)
 50554 | Depths:2 | Found a one-way gate to the infinite horrors of the Abyss.
 50757 | Depths:3 | Found a one-way gate leading to the halls of Pandemonium.
 50763 | Depths:3 | Reached skill level 13 in Shields
 50765 | Depths:3 | Noticed an ancient lich
 50873 | Depths:3 | Killed an ancient lich
 50873 | Depths:3 | Reached skill level 5 in Translocations
 50891 | Depths:3 | Reached skill level 22 in Fighting
 51251 | Depths:3 | Reached skill level 11 in Maces & Flails
 51371 | Depths:3 | Noticed a golden dragon
 51387 | Depths:3 | Killed a golden dragon
 51387 | Depths:3 | Reached skill level 7 in Spellcasting
 51412 | Depths:3 | Reached skill level 5 in Hexes
 51783 | Depths:3 | Reached XP level 23. HP: 218/223 MP: 32/32
 51786 | Depths:3 | Found a runed door.
 51860 | Depths:3 | Found a gateway to a ziggurat.
 52123 | Depths:3 | Found a radiant altar of Vehumet.
 52123 | Depths:3 | Noticed an ancient lich
 52139 | Depths:3 | Killed an ancient lich
 52156 | Depths:3 | Identified the Tome of Confrontation
 52284 | Depths:4 | Noticed Margery
 52299 | Depths:4 | Killed Margery
 52299 | Depths:4 | Reached skill level 22 in Armour
 52583 | Depths:4 | Got an ichor-stained ring mail
 52584 | Depths:4 | Identified the +5 ring mail of the Five Ships {rC+ rN+} (You found it on level 4 of the Depths)
 52629 | Depths:4 | Reached skill level 6 in Translocations
 52764 | Depths:4 | Noticed a juggernaut
 52768 | Depths:4 | Paralysed by a floating eye for 4 turns
 52787 | Depths:4 | Killed a juggernaut
 52787 | Depths:4 | Reached skill level 14 in Shields
 52828 | Depths:4 | Noticed a juggernaut
 52845 | Depths:4 | Killed a juggernaut
 52845 | Depths:4 | Reached skill level 8 in Spellcasting
 52863 | Depths:4 | Noticed a caustic shrike
 52867 | Depths:4 | Killed a caustic shrike
 52964 | Depths:4 | Got a slimy mace
 52968 | Depths:4 | Identified the +6 mace "Juj Osoi" {holy, -Tele *Slow rPois SInv} (You found it on level 4 of the Depths)
 53455 | Depths:5 | Entered Level 5 of the Depths
 53502 | Depths:5 | Reached skill level 12 in Maces & Flails
 53754 | Depths:5 | Noticed a caustic shrike
 53760 | Depths:5 | Killed a caustic shrike
 53760 | Depths:5 | Reached skill level 13 in Throwing
 53794 | Depths:5 | Reached skill level 6 in Hexes
 53880 | Depths:5 | Reached XP level 24. HP: 129/233 MP: 34/34
 54137 | Depths:5 | Noticed a juggernaut
 54153 | Depths:5 | Killed a juggernaut
 54210 | Depths:5 | Found a gate to the Realm of Zot.
 54525 | Depths:5 | Reached skill level 9 in Spellcasting
 54554 | Depths:5 | Got a pair of ancient gloves
 54554 | Depths:5 | Got a pair of crude boots
 54555 | Depths:5 | Identified the -3 pair of gloves "Zucsim" {rC+ Str+5} (You acquired it on level 5 of the Depths)
 54556 | Depths:5 | Identified the +1 pair of boots "Oschyosaa" {*Contam +Inv Int-2 SInv} (You acquired it on level 5 of the Depths)
 54951 | Vaults:5 | Entered Level 5 of the Vaults
 54951 | Vaults:5 | Noticed an ancient lich
 54969 | Vaults:5 | Reached skill level 7 in Translocations
 54971 | Vaults:5 | Reached skill level 19 in Dodging
 55052 | Vaults:5 | Reached skill level 23 in Armour
 55225 | Vaults:5 | Reached skill level 14 in Throwing
 55241 | Vaults:5 | Reached skill level 15 in Shields
 55244 | Vaults:5 | Reached skill level 13 in Maces & Flails
 55376 | Vaults:5 | Noticed Baghtru's ghost (veteran HOFi)
 55392 | Vaults:5 | Killed Baghtru's ghost
 55422 | Vaults:5 | Noticed an ancient lich
 55436 | Vaults:5 | Killed an ancient lich
 55500 | Vaults:5 | Reached skill level 23 in Fighting
 55614 | Vaults:5 | Reached skill level 7 in Hexes
 55721 | Vaults:5 | Noticed Sojobo
 55738 | Vaults:5 | Killed Sojobo
 55761 | Vaults:5 | Reached XP level 25. HP: 73/243 MP: 32/35
 55785 | Vaults:5 | Killed an ancient lich
 55963 | Vaults:5 | Got a scintillating lapis lazuli ring
 56011 | Vaults:5 | Got a pair of twisted boots
 56012 | Vaults:5 | Identified the -1 pair of boots of Bodazot {+Inv MR+} (You found it on level 5 of the Vaults)
 56013 | Vaults:5 | Identified the ring of Saidel {rC+ Int+4} (You took it off a vault guard on level 5 of the Vaults)
 56261 | Vaults:5 | Reached skill level 15 in Throwing
 56273 | Vaults:5 | Got a steaming battleaxe {vamp}
 56330 | Vaults:5 | Found Kechal's Antique Armour Emporium.
 56336 | Vaults:5 | Got a faintly glowing brass amulet
 56337 | Vaults:5 | Identified the +6 battleaxe of Beyond {vamp, -Tele *Drain rF+++ Dex+8} (You took it off an ironbrand convoker on level 5 of the Vaults)
 56338 | Vaults:5 | Identified the amulet "Fairri" {Inacc Stlth+} (You found it on level 5 of the Vaults)
 56359 | Vaults:5 | Bought a shiny shield for 240 gold pieces
 56359 | Vaults:5 | Bought a warped cloak for 304 gold pieces
 56359 | Vaults:5 | Identified the +0 cloak "Wubbibee" {SInv} (You bought it in a shop on level 5 of the Vaults)
 56694 | Vaults:5 | Reached skill level 14 in Maces & Flails
 56772 | Vaults:5 | Got a silver rune of Zot
 57027 | Vaults:5 | Identified the Catalogue of Toxins and Aid
 57450 | Zot:1    | Entered Level 1 of the Realm of Zot
 58138 | Zot:1    | Reached skill level 24 in Armour
 58504 | Zot:2    | Reached skill level 16 in Throwing
 58627 | Zot:2    | Reached skill level 20 in Dodging
 59564 | Zot:3    | Reached skill level 15 in Maces & Flails
 59959 | Zot:3    | Noticed an orb of fire
 59970 | Zot:3    | Gained mutation: Your spells are a little easier to cast, but a little less powerful. [an orb of fire]
 59975 | Zot:3    | Gained mutation: Your system is resistant to poisons. (rPois) [an orb of fire]
 59976 | Zot:3    | Gained mutation: You have large cloven feet. [an orb of fire]
 59980 | Zot:3    | Killed an orb of fire
 60078 | Zot:3    | Reached skill level 24 in Fighting
 61257 | Zot:5    | Entered Level 5 of the Realm of Zot
 61370 | Zot:5    | Noticed an ancient lich
 61388 | Zot:5    | Killed an ancient lich
 61398 | Zot:5    | Reached skill level 16 in Maces & Flails
 61684 | Zot:5    | Reached skill level 17 in Throwing
 61835 | Zot:5    | Noticed an orb of fire
 61850 | Zot:5    | Killed an orb of fire
 61884 | Zot:5    | Noticed an orb of fire
 61889 | Zot:5    | Gained mutation: Scrolls take you a little longer to read. [an orb of fire]
 61894 | Zot:5    | Killed an orb of fire
 61926 | Zot:5    | Reached skill level 25 in Armour
 62003 | Zot:5    | Noticed an orb of fire
 62024 | Zot:5    | Killed an orb of fire
 62024 | Zot:5    | Reached skill level 21 in Dodging
 62164 | Zot:5    | Noticed an orb of fire
 62172 | Zot:5    | Killed an orb of fire
 62222 | Zot:5    | Noticed an ancient lich
 62238 | Zot:5    | Killed an ancient lich
 62345 | Zot:5    | Reached skill level 17 in Maces & Flails
 62462 | Zot:5    | Noticed an orb of fire
 62471 | Zot:5    | Gained mutation: You evolve. [an orb of fire]
 62474 | Zot:5    | Killed an orb of fire
 62476 | Zot:5    | Noticed an orb of fire
 62483 | Zot:5    | Gained mutation: You occasionally shout uncontrollably at your foes. [an orb of fire]
 62484 | Zot:5    | Killed an orb of fire
 62853 | Zot:5    | Got the Orb of Zot
 62873 | Zot:5    | Reached skill level 25 in Fighting
 63134 | Depths:5 | Noticed Karapaum the pandemonium lord
 63140 | Depths:5 | Killed Karapaum the pandemonium lord
 63208 | Depths:5 | Noticed Remufi the pandemonium lord
 63244 | Depths:5 | Killed Remufi the pandemonium lord
 63244 | Depths:5 | Reached skill level 18 in Throwing
 63529 | D:8      | Noticed a seraph
 63627 | D:5      | Noticed Hogan the pandemonium lord
 63650 | D:5      | Killed Hogan the pandemonium lord
 63766 | D:1      | Noticed Nemue the pandemonium lord
 63766 | D:$      | Escaped with the Orb!

Skill      XL: |  1  2  3  4  5  6  7  8  9 10 11 12 13 14 15 16 17 18 19 20 21 22 23 24 25 |
---------------+----------------------------------------------------------------------------+-----
Fighting       | 4 6 7 8 10 11 12 13 14 15 16 17 18 19 20 21 22 23 25 | 25.2
Axes           | 4 5 6 7 8 10 11 12 13 14 15 16 17 18 19 20 | 20.2
Stealth        | 0 |  0.0
Throwing       | 1 4 7 8 9 10 12 13 14 18 | 18.1
Armour         | 4 7 9 11 12 14 15 16 17 18 19 20 21 22 23 25 | 25.7
Dodging        | 4 7 9 11 12 13 15 16 17 18 19 21 | 21.7
Shields        | 4 5 8 10 11 12 13 14 15 | 15.0
Maces & Flails | 5 8 9 11 12 13 17 | 17.8
Spellcasting   | 2 5 7 8 9 |  9.8
Translocations | 2 4 5 6 7 |  7.8
Hexes          | 1 3 5 6 7 |  7.1

Action                   |  1- 3 |  4- 6 |  7- 9 | 10-12 | 13-15 | 16-18 | 19-21 | 22-24 | 25-27 || total
-------------------------+-------+-------+-------+-------+-------+-------+-------+-------+-------++-------
Melee: Hand axe          |    79 |   110 |   147 |       |       |       |       |       |       ||   336
       Headbutt          |    10 |    31 |    71 |   166 |   445 |   546 |   629 |   637 |   534 ||  3069
       Battleaxe         |       |     4 |    32 |       |       |       |       |       |       ||    36
       Mace              |       |       |   178 |   628 |  1597 |  1046 |  1648 |  1493 |  1188 ||  7778
       Flail             |       |       |       |       |       |   888 |       |       |       ||   888
Throw: Tomahawk          |       |     2 |     8 |     6 |     3 |    25 |       |       |       ||    44
       Javelin           |       |       |       |    13 |    23 |   111 |    14 |    23 |    61 ||   245
       Throwing net      |       |       |       |     1 |       |     2 |       |       |       ||     3
 Cast: Portal Projectile |       |       |       |       |       |       |       |     4 |     6 ||    10
Invok: Sacrifice Stealth |     1 |       |       |       |       |       |       |       |       ||     1
       Sacrifice Artific |       |     1 |       |       |       |       |       |       |       ||     1
       Sacrifice Experie |       |     1 |       |       |       |       |       |       |       ||     1
       Draw Out Power    |       |       |     2 |     8 |     7 |    10 |     8 |     9 |     2 ||    46
       Sacrifice Arcana  |       |       |     1 |       |       |       |       |       |       ||     1
       Sacrifice Love    |       |       |       |     1 |       |       |       |       |       ||     1
       Apocalypse        |       |       |       |       |     2 |     6 |     6 |     4 |     5 ||    23
  Use: Potion            |       |     1 |       |     7 |     3 |    30 |     6 |     6 |     1 ||    54
       Scroll            |       |     1 |    10 |    23 |     5 |    10 |    13 |    20 |    13 ||    95
 Stab: Invisible         |       |     1 |     7 |     9 |    13 |    15 |     8 |     8 |     7 ||    68
       Paralysed         |       |       |     2 |     7 |    17 |    14 |     7 |     5 |     1 ||    53
       Distracted        |       |       |     1 |     4 |    12 |     9 |    10 |     6 |    12 ||    54
  Eat: Chunk             |     1 |     5 |    13 |    20 |    36 |    17 |    10 |    15 |    11 ||   128
       Ration            |       |       |       |     2 |     1 |    10 |     8 |     3 |     5 ||    29
Armor: Robe              |     3 |       |       |       |       |       |       |       |       ||     3
       Ring mail         |    19 |    29 |    58 |    55 |       |       |       |       |       ||   161
       Leather armour    |       |       |    40 |    12 |       |       |       |       |       ||    52
       Steam dragon scal |       |       |       |    28 |       |       |       |       |       ||    28
       Plate armour      |       |       |       |   180 |   836 |  1038 |   471 |   522 |   260 ||  3307
Dodge: Dodged            |    49 |    86 |   181 |   335 |   638 |  1114 |   725 |   790 |   503 ||  4421
Block: Buckler           |       |       |       |       |   171 |   356 |       |       |       ||   527
       Shield            |       |       |       |       |       |   163 |   891 |   843 |   566 ||  2463
       Reflection        |       |       |       |       |       |    11 |     2 |       |       ||    13

Vault maps used:
D:1:      matt_arrival_diagonals, st_stairs_11, grunt_decor_one_mirror,
          minmay_pentomino_o2
D:2:      lemuel_crystal_altar, first_ration
D:3:      kennysheep_vampire_church, eat_drink_and_be_merry_uskayaw,
          chequers_ecumenical_altar_simple, uniq_grinder
D:4:      nicolae_overflow_hidden_temple, dk_xom_monty_hall
D:5:      elyvilon_altar_4, kennysheep_little_box,
          minmay_temple_entry_statues_fountains, serial_shops,
          nicolae_shop_overgrown_old_shop, shop, nicolae_shop_window_shopping,
          serial_bayou_pond_e, uniq_ijyb
D:6:      zin_angel, uniq_pikel, uniq_menkaure
D:7:      slow_altar_2, minivault_14, minmay_misc_feat_square
D:8:      grunt_qazlal_clouds, enter_ossuary_1, uniq_joseph
D:9:      old_standard_altar, dpeg_oklobed_lair
D:10:     david_orc_3
D:11:     hangedman_pestilent_swarm, bh_walls_and_bars
D:12:     serial_shops, shop, basic_altar
D:13:     erik_vaults_1, minmay_guarded_unrand_finisher
D:14:     serial_bayou_shore_b, makhleb_altar_promises_db
D:15:     grunt_enter_depths_hoard, portal_ice_cave_demonic_guard,
          jmf_multi_god_temple
Lair:1:   tgw_fedhas
Lair:2:   minmay_shoals_entry_hut, pond, serial_bayou_shore_b,
          grunt_megastairs_5
Lair:4:   spider_nest_entry_a, lightli_volcano_entry_magma_tube
Lair:5:   grunt_forest_small_clearings, lemuel_fruit_tree
Lair:6:   minmay_lair_end_enchanted_forest, slime_altar_1, uniq_snorg
Shoals:4: shoals_end_hangedman, shoals_ilsuiw_alternative, uniq_nikola
Spider:1: uniq_aizul, uniq_asterion
Spider:4: spider_rune_water, nicolae_spider_shape, uniq_agnes
Orc:1:    minmay_orc_temple_c, uniq_josephine
Orc:2:    st_orc_open
Elf:1:    eino_elf_arrival_customs, serial_shops, shop, orc_legates,
          minmay_shop_grove
Elf:2:    nicolae_trove_entry_columns, serial_shops, nicolae_shop_crystal,
          guppyfry_elf_garden, lemuel_elevator
Vaults:1: hangedman_vaults_maws, nicolae_vaults_circle_grid_a,
          nicolae_vaults_big_ls, grunt_vaults_hallway_short,
          vaults_mumra_minichess_inversion, vaults_room_grunt_arrival_ludios,
          vaults_standard_mumra_lines, v_misc_27, hangedman_vaults_impose,
          vaults_dpeg_hooks, portal_desolation_entry_salt, serial_shops, shop,
          nicolae_shop_trees, shop
Vaults:2: nicolae_vaults_angled_halls, nicolae_vaults_rhombus_7,
          nicolae_vaults_circle_grid_a, v_misc_15, v_misc_1, v_misc_17,
          v_rooms_4, hangedman_vaults_impose
Vaults:3: special_room_vaults, v_rooms_6, minmay_crypt_entry_necro_gods,
          vaults_standard_mumra_enter_the_diamond, v_rooms_3,
          nicolae_vaults_network_s, v_pattern_4, hangedman_vaults_maws,
          vaults_room_fancy_cross, grunt_vaults_focal,
          vaults_room_stairs_pillars, nicolae_vaults_big_angled_halls
Vaults:4: nicolae_vaults_diagonal_hallway_9, nicolae_vaults_triangles,
          nicolae_vaults_alarming, ontoclasm_vaults_claustrophobia, v_misc_28,
          grunt_vaults_hallway_short, dpeg_vaults_monster_row,
          nicolae_vaults_mini_display_case, ontoclasm_vaults_gateway,
          nicolae_vaults_yaktaur_gun_rack, uniq_jory, uniq_mennas,
          uniq_frederick, uniq_saint_roka
Vaults:5: uniq_sojobo
Depths:1: serial_shops, shop, shop, shop, shop,
          nicolae_shop_competitors_out_of_business, nicolae_water_bricks,
          pf_coc_iceberg, dpeg_stationary_puzzle, minmay_shoptagon,
          firewood_loft, uniq_jorgrun
Depths:2: minmay_ambush_box, hangedman_decor_cross_pass, hell_entry,
          abyss_entry, uniq_mara
Depths:3: four-leaf_vault, enter_ziggurat_d, hell_entry, pan_entry,
          minmay_hedge_maze, grunt_absolute_annihilation, serial_bayou_shore_b,
          infiniplex_staircase_pool_2
Depths:4: minmay_nine_rooms, hangedman_decor_lopped, pan_entry,
          grunt_mini_vestibule, abyss_entry, uniq_margery
Depths:5: grunt_runaround, abyss_entry, hell_entry
Zot:3:    lemuel_firehouse, lemuel_baited_zot_trap
Zot:5:    hangedman_zot_decor_tridents
Trove:    trove_library
Ossuary:  ossuary_tomb_3
IceCv:    ice_cave_caverns_03
Volcano:  volcano_pools

Table legend:
 A = Turns spent in this place as a percentage of turns spent in the entire game.
 B = Non-inter-level travel turns spent in this place as a percentage of non-inter-level travel turns spent in the entire game.
 C = Inter-level travel turns spent in this place as a percentage of turns spent in this place.
 D = Turns resting spent in this place as a percentage of non-inter-level travel turns spent in this place.
 E = Turns spent auto-exploring this place as a percentage of non-inter-level travel turns spent in this place.
 F = Non-inter-level travel turns spent in this place divided by the number of levels of this place that you've seen.
                   A       B       C       D       E      F
               +-------+-------+-------+-------+-------+----------------------
         Total | 100.0 | 100.0 |   9.8 |   5.2 |  65.0 | 1085.1
       Dungeon |  24.8 |  24.2 |  11.9 |   5.0 |  72.4 | 928.7
          Lair |  12.2 |  11.8 |  13.2 |   3.5 |  75.0 | 1129.7
        Shoals |  10.9 |  11.7 |   3.1 |  22.1 |  53.6 | 1684.0
   Spider Nest |   7.6 |   7.3 |  13.2 |   4.6 |  66.5 | 1047.8
  Orcish Mines |   3.6 |   3.8 |   6.5 |   6.9 |  49.9 | 1086.0
   Elven Halls |   5.5 |   5.2 |  14.0 |   1.7 |  65.1 | 1502.5
        Vaults |  12.7 |  12.7 |  10.0 |   1.3 |  59.7 | 1462.0
        Depths |   9.5 |   9.6 |   8.7 |   0.3 |  62.0 | 1106.8
           Zot |   8.9 |   8.9 |   9.3 |   0.5 |  67.7 | 1026.8
         Trove |   0.2 |   0.2 |   0.0 |   0.0 |   0.0 | 104.0
       Ossuary |   0.5 |   0.6 |   0.0 |   0.0 |  72.2 | 335.0
      Ice Cave |   1.2 |   1.3 |   0.0 |   0.0 |  55.5 | 769.0
       Volcano |   0.5 |   0.6 |   0.0 |   0.6 |  70.6 | 323.0
    Desolation |   1.9 |   2.1 |   0.0 |   1.1 |  51.2 | 1187.0
               +-------+-------+-------+-------+-------+----------------------

Table legend:
 A = Kills in this place as a percentage of kills in entire the game.
 B = Kills by you in this place as a percentage of kills by you in the entire game.
 C = Kills by friends in this place as a percentage of kills by friends in the entire game.
 D = Other kills in this place as a percentage of other kills in the entire game.
 E = Experience gained in this place as a percentage of experience gained in the entire game.
 F = Experience gained in this place divided by the number of levels of this place that you have seen.
                   A       B       C       D       E      F
               +-------+-------+-------+-------+-------+----------------------
         Total | 100.0 | 100.0 |   N/A | 100.0 | 100.0 | 30815.7
       Dungeon |  18.6 |  18.7 |   N/A |  10.0 |   5.3 | 5816.7
          Lair |   7.7 |   7.7 |   N/A |   8.0 |   2.9 | 7997.5
        Shoals |   5.2 |   5.2 |   N/A |   6.0 |   4.1 | 16763.0
   Spider Nest |   7.8 |   7.7 |   N/A |  12.0 |   5.2 | 21100.2
  Orcish Mines |   6.6 |   6.7 |   N/A |   2.0 |   1.9 | 15890.5
   Elven Halls |   5.7 |   5.6 |   N/A |   8.0 |   5.5 | 45194.0
        Vaults |  19.9 |  20.0 |   N/A |  18.0 |  23.7 | 77306.4
        Depths |  13.2 |  13.1 |   N/A |  16.0 |  24.0 | 78406.2
           Zot |   7.8 |   7.7 |   N/A |   8.0 |  22.9 | 74673.0
       Ossuary |   0.6 |   0.7 |   N/A |   0.0 |   0.0 | 152.0
      Ice Cave |   1.9 |   1.9 |   N/A |   0.0 |   0.8 | 12533.0
       Volcano |   0.2 |   0.2 |   N/A |   0.0 |   0.1 | 2133.0
    Desolation |   4.8 |   4.7 |   N/A |  12.0 |   3.5 | 57626.0
               +-------+-------+-------+-------+-------+----------------------
